 Dungeon Crawl Stone Soup version 0.18-a0-1285-g60d00e1 (webtiles) character file.

13957 Duffy the Basher (level 12, -1/69 HPs)
             Began as a Vine Stalker Berserker on Feb 8, 2016.
             Was a High Priest of Trog.
             Slain by a blink frog (5 damage)
             ... led by Prince Ribbit
             ... on level 3 of the Lair of Beasts.
             The game lasted 00:15:26 (10332 turns).

Duffy the Basher (Vine Stalker Berserker)          Turns: 10332, Time: 00:15:26

Health: -1/69      AC: 22    Str: 21    XL:     12   Next: 11%
Magic:  0/22       EV:  9    Int:  8    God:    Trog [*****.]
Gold:   737        SH:  0    Dex: 17    Spells: 0 memorised, 11 levels left

rFire  . . .     SeeInvis .     m - +1 morningstar
rCold  . . .     Gourm    +     M - +0 plate armour
rNeg   + . .     Faith    .     (no shield)
rPois  .         Spirit   +     y - +2 hat
rElec  .         Dismiss  .     r - +0 cloak
rCorr  .         Reflect  .     W - +2 pair of gloves
SustAt .         Harm     .     a - +2 pair of boots
MR     +....                    U - amulet of the gourmand
Stlth  ..........               f - ring of positive energy
                                H - ring of magical power

@: somewhat resistant to hostile enchantments, extremely unstealthy
A: fangs 3, regeneration 3, magic shield, antimagic bite, no device heal 3, rot
immunity
a: Berserk, Trog's Hand, Brothers in Arms, Burn Spellbooks, Renounce Religion


You were on level 3 of the Lair of Beasts.
You worshipped Trog.
Trog was extremely pleased with you.
You were full.

You visited 2 branches of the dungeon, and saw 13 of its levels.

You collected 737 gold pieces.


Innate Abilities, Weirdness & Mutations

You have razor-sharp teeth.
You regenerate.
When hurt, damage is shared between your health and your magic reserves.
Your bite disrupts and absorbs the magic of your enemies.
Potions and wands cannot restore your health.
You are immune to rotting.


   Skills:
 - Level 10.8 Fighting
 - Level 12.0 Maces & Flails
 + Level 5.3 Armour
 + Level 5.3 Dodging


You had 11 spell levels left.
You didn't know any spells.

Inventory:

Hand Weapons
 m - a +1 morningstar (weapon)
Missiles
 z - 62 poisoned needles
 O - 3 throwing nets (quivered)
 Y - 2 curare-tipped needles
Armour
 a - a +2 pair of boots (worn)
 r - a +0 cloak (worn)
 s - a +0 scale mail
 x - a +0 shield
 y - a +2 hat (worn)
 M - a +0 plate armour (worn)
 W - a +2 pair of gloves (worn)
Jewellery
 f - a ring of positive energy (right hand)
 H - a ring of magical power (left hand)
 U - an amulet of the gourmand (around neck)
Wands
 u - a wand of iceblast (6/15)
 B - a wand of confusion (28/48)
 D - a wand of lightning (6/15)
 F - a wand of flame (5/48)
 T - a wand of paralysis (8/24)
Scrolls
 d - a scroll of blinking
 e - a scroll of torment {unknown}
 h - 4 scrolls of teleportation {unknown}
 j - 4 scrolls of enchant weapon
 k - a scroll of identify
 o - 4 scrolls of noise {unknown}
 t - 2 scrolls of enchant armour
 v - 3 scrolls of fog
 C - 6 scrolls of remove curse
 G - 2 scrolls of magic mapping
 L - a scroll of recharging
 Z - a scroll of silence
Potions
 b - a potion of agility
 i - 3 potions of resistance
 l - 2 potions of might
 n - 3 potions of cure mutation
 p - a potion of cancellation
 q - 2 potions of degeneration
 A - a potion of flight
 K - 5 potions of curing {unknown}
 R - 2 potions of mutation
 S - 2 potions of brilliance
Books
 J - a book of Spatial Translocations
Comestibles
 c - 20 bread rations
 g - 5 meat rations
 E - 2 royal jellies
 I - 8 fruits
 N - 8 beef jerkies

Dungeon Overview and Level Annotations

Branches:
Dungeon (10/15)            Temple (0/1) D:5            Lair (3/8) D:9
  Swamp: Lair:3-6    Shoals: Lair:3-6     Snake: Lair:3-6    Spider: Lair:3-6
    Orc: D:9-12

Altars:
Cheibriados
Elyvilon
Gozag
Makhleb
Nemelex Xobeh
Okawaru
Pakellas
Ru
Trog
Vehumet
Xom
Yredelemnul

Shops:
D:4 =[[*   D:6 (   D:8 =   D:9 =

Annotations:
Lair:3 Prince Ribbit


Message History

The blink frog hits you but does no damage.
The blink frog blinks!
The blink frog momentarily phases out as your attack passes through it.
Your bite passes through the blink frog as it momentarily phases out.
The blink frog is almost dead.
Prince Ribbit falters for a moment.
The blink frog blinks!
The blink frog hits you!
Prince Ribbit falters for a moment.
You closely miss the blink frog.
Your bite passes through the blink frog as it momentarily phases out.
The blink frog is lightly wounded.
The blink frog hits you!
Prince Ribbit blinks!
The blink frog blinks!
Prince Ribbit casts a spell.
Prince Ribbit looks slightly unstable.
The blink frog hits you!
The blink frog blinks!
The blink frog hits you!
Prince Ribbit blinks!
You miss the blink frog. You bite the blink frog.
The blink frog's magic leaks into the air.
You drain its magic.
You feel invigorated.
The blink frog is lightly wounded.
The blink frog hits you but does no damage.
The blink frog blinks!
The blink frog hits you!
You hit the blink frog.
Your bite passes through the blink frog as it momentarily phases out.
The blink frog is moderately wounded.
Prince Ribbit disappears!
The blink frog blinks!
The blink frog hits you.
You miss the blink frog. Your bite misses the blink frog.
The blink frog is moderately wounded.
The blink frog hits you.
The blink frog blinks!
The blink frog hits you.
Prince Ribbit mumbles some strange words.
Prince Ribbit looks slightly unstable.
The blink frog momentarily phases out as your attack passes through it.
Your bite misses the blink frog.
The blink frog is severely wounded.
The blink frog closely misses you. The blink frog hits you!
You die...

##.P....# ###.....0.#
##.P......# #.........#
#.....F..0 #......# #...0..#
#.FF##.##.## #
######@P##.#...#
#P#....#F..P.##..# #...#
#..........P.#...# ....#
####..........#..###.)..#
##.....P.#......#.#....#
#......###.#............
##.....F#####.........#..
###......##................
####.#.....####.<..........#..


You could see Prince Ribbit and 4 blink frogs.

Action                   |  1- 3 |  4- 6 |  7- 9 | 10-12 || total
-------------------------+-------+-------+-------+-------++-------
Melee: Mace              |   111 |    46 |       |       ||   157
       Morningstar       |       |   100 |   299 |   496 ||   895
Invok: Berserk           |     1 |     4 |     3 |     4 ||    12
       Burn Spellbooks   |       |       |       |     3 ||     3
       Brothers in Arms  |       |       |       |     2 ||     2
  Use: Scroll            |       |       |       |    19 ||    19
 Stab: Sleeping          |     1 |       |       |       ||     1
       Distracted        |       |       |       |     1 ||     1
  Eat: Chunk             |     2 |     9 |    13 |    30 ||    54

Notes
Turn   | Place    | Note
--------------------------------------------------------------
     0 | D:1      | Duffy the Vine Stalker Berserker began the quest for the Orb.
     0 | D:1      | Reached XP level 1. HP: 11/11 MP: 2/2
    93 | D:1      | Reached skill level 3 in Maces & Flails
   130 | D:1      | Reached XP level 2. HP: 4/16 MP: 3/3
   221 | D:1      | Reached skill level 3 in Fighting
   389 | D:1      | Reached XP level 3. HP: 20/20 MP: 4/4
   510 | D:1      | Reached ** piety under Trog
  1035 | D:2      | Reached XP level 4. HP: 6/24 MP: 3/5
  1246 | D:2      | Found a sparkling altar of Nemelex Xobeh.
  1272 | D:2      | Found an oddly glowing altar of Pakellas.
  1437 | D:2      | Found a snail-covered altar of Cheibriados.
  1482 | D:2      | Noticed Crazy Yiuf
  1497 | D:2      | Killed Crazy Yiuf
  1497 | D:2      | Reached skill level 4 in Maces & Flails
  1797 | D:2      | Reached XP level 5. HP: 29/29 MP: 6/6
  1844 | D:3      | Reached skill level 4 in Fighting
  1918 | D:3      | Reached *** piety under Trog
  1923 | D:3      | Found an iron altar of Okawaru.
  2258 | D:3      | Found a white marble altar of Elyvilon.
  2265 | D:3      | Found a burning altar of Makhleb.
  2270 | D:3      | Found a bloodstained altar of Trog.
  2286 | D:3      | Found an opulent altar of Gozag.
  2291 | D:3      | Found a radiant altar of Vehumet.
  2298 | D:3      | Found a shimmering altar of Xom.
  2303 | D:3      | Found a basalt altar of Yredelemnul.
  2427 | D:4      | Found Radgh's Jewellery Emporium.
  2439 | D:4      | Noticed Natasha
  2447 | D:4      | Killed Natasha
  2447 | D:4      | Gained mutation: You heal very quickly. [Vine Stalker growth]
  2447 | D:4      | Reached XP level 6. HP: 29/34 MP: 5/7
  2457 | D:4      | Noticed Natasha
  2465 | D:4      | Killed Natasha
  2652 | D:4      | Noticed Natasha
  2664 | D:4      | Killed Natasha
  2679 | D:4      | Reached skill level 5 in Fighting
  2679 | D:4      | Reached skill level 5 in Maces & Flails
  2756 | D:4      | Found Juseb's Antique Armour Shop.
  2766 | D:4      | Reached XP level 7. HP: 39/39 MP: 5/8
  2829 | D:4      | Found Zyow's Armour Shop.
  2929 | D:4      | Reached **** piety under Trog
  3266 | D:4      | Found Uwkutal's Assorted Antiques.
  3298 | D:5      | Entered Level 5 of the Dungeon
  3391 | D:5      | Found a white marble altar of Elyvilon.
  3394 | D:5      | Reached skill level 6 in Maces & Flails
  3412 | D:5      | Received a gift from Trog
  3412 | D:5      | Reached skill level 6 in Fighting
  3521 | D:5      | Gained mutation: You have razor-sharp teeth. [Vine Stalker growth]
  3521 | D:5      | Reached XP level 8. HP: 31/44 MP: 5/9
  3522 | D:5      | Noticed Eustachio
  3534 | D:5      | Killed Eustachio
  3675 | D:5      | Found a staircase to the Ecumenical Temple.
  4078 | D:6      | Reached skill level 7 in Fighting
  4078 | D:6      | Reached skill level 7 in Maces & Flails
  4506 | D:6      | Found a sacrificial altar of Ru.
  4515 | D:6      | Found Kafeaps's Antique Weapon Shop.
  4596 | D:6      | Reached XP level 9. HP: 47/51 MP: 10/10
  4777 | D:7      | Reached skill level 8 in Maces & Flails
  4815 | D:7      | Noticed Joseph
  4825 | D:7      | Killed Joseph
  4825 | D:7      | Reached skill level 8 in Fighting
  4842 | D:7      | Reached ***** piety under Trog
  5457 | D:8      | Found Huolie Ciova's Jewellery Boutique.
  5620 | D:8      | Reached skill level 9 in Maces & Flails
  5789 | D:8      | Reached skill level 9 in Fighting
  5854 | D:8      | You fall through a shaft for 2 floors!
  5854 | D:10     | Entered Level 10 of the Dungeon
  5867 | D:10     | Noticed a troll
  5874 | D:10     | Killed a troll
  5877 | D:10     | Reached XP level 10. HP: 58/58 MP: 11/11
  5964 | D:9      | Found Vuof's Jewellery Shoppe.
  6278 | D:9      | Found a staircase to the Lair.
  6731 | D:9      | Received a gift from Trog
  6758 | D:9      | Reached skill level 10 in Maces & Flails
  6897 | D:10     | Noticed Urug
  6906 | D:10     | Killed Urug
  6906 | D:10     | Reached skill level 10 in Fighting
  7254 | D:10     | Noticed Maud
  7276 | D:10     | Killed Maud
  7276 | D:10     | Reached skill level 11 in Maces & Flails
  7276 | D:10     | Reached XP level 11. HP: 41/64 MP: 12/12
  7434 | D:10     | Reached skill level 2 in Dodging
  7550 | D:10     | Reached skill level 2 in Armour
  8005 | Lair:1   | Entered Level 1 of the Lair of Beasts
  8524 | Lair:1   | Reached skill level 3 in Dodging
  8525 | Lair:1   | Reached skill level 3 in Armour
  8734 | Lair:1   | Received a gift from Trog
  9600 | Lair:2   | Reached skill level 12 in Maces & Flails
  9973 | Lair:3   | Reached skill level 4 in Dodging
  9989 | Lair:3   | Reached skill level 4 in Armour
 10071 | Lair:3   | Noticed a seven-headed hydra
 10073 | Lair:3   | Gained mutation: You regenerate. [Vine Stalker growth]
 10073 | Lair:3   | Reached XP level 12. HP: 57/69 MP: 13/13
 10077 | Lair:3   | Reached skill level 5 in Dodging
 10079 | Lair:3   | Reached skill level 5 in Armour
 10079 | Lair:3   | Killed a seven-headed hydra
 10306 | Lair:3   | Noticed Prince Ribbit
 10332 | Lair:3   | Slain by a blink frog

Vault maps used:
D:1:      evilmike_arrival_hilbert_curve
D:2:      cheibriados_altar_1, lemuel_doored_altar,
          nicolae_overflow_hidden_temple, first_bread, minivault_23,
          uniq_crazy_yiuf_cottage
D:3:      grunt_temple_overflow_octagram, nicolae_overflow_crystal_walls
D:4:      serial_shops, nicolae_shop_waterfront, shop, shop, nicolae_shop_stone,
          uniq_natasha
D:5:      minmay_temple_entry_mist, elyvilon_altar_4, uniq_eustachio
D:6:      kennysheep_mini_moat, serial_shops, nicolae_shop_trees
D:7:      uniq_joseph
D:8:      serial_shops, shop, grunt_ogre_cave, nrook_pool_corridor
D:9:      lair_0_dummy, serial_shops, shop
D:10:     boulder_corridor_run, minmay_misc_feat_iff, uniq_maud, uniq_urug
Lair:1:   grunt_forest_small_clearing_treed, grunt_megastairs_5
Lair:3:   uniq_prince_ribbit2

Vanquished Creatures
  Maud
  A hydra Urug Joseph
  4 spiny frogs
  A centaur skeleton
  A komodo dragon
  A fire drake
  A troll
  A boulder beetle
  9 blink frogs
  A wyvern Eustachio
  10 yaks
  3 hippogriffs
  5 wolves
  3 water moccasins
  6 porcupines
  4 orc warriors
  A sky beast
  A black bear
  A necrophage
  7 ogres
  4 centaurs
  5 crocodiles
  2 big kobolds
  7 giant frogs
  2 scorpions
  8 wights
  5 crimson imps
  2 centaur zombies
  A lava snake
  A jelly
  A quasit
  5 hounds
  A gnoll shaman
  6 orc priests
  6 orc wizards
  3 iguanas
  Crazy Yiuf Natasha (thrice)
  7 worker ants
  A hound zombie
  A hound skeleton
  A worker ant zombie
  14 gnolls
  9 adders
  9 river rats
  6 shadow imps
  An ooze
  A worm
  9 giant geckos
  33 orcs
  7 bats
  6 giant cockroaches
  8 goblins
  9 hobgoblins
  20 jackals
  24 kobolds
  5 quokkas
  3 giant newts
  A jackal skeleton
  A quokka zombie
  10 rats
314 creatures vanquished.
